MLB
CLEVELAND INDIANS @ MINNESOTA TWINS
09/07/2019
 
TOP OF THE 1ST
Cleveland Indians batting - Pitching for Minnesota Twins : RHP Jameson Taillon
Pitching: RHP Jameson Taillon
Batting: LHB Adam Frazier 0-0: Ball
1-0: Ball
2-0: Called Strike
2-1: Ground out 4-3 (Groundball, 4, EV 106.3 MPH)
Batting: RHB J.D. Martinez 0-0: Called Strike
0-1: Ball
1-1: Swinging Strike
1-2: Strikes out swinging
Batting: LHB Matt Carpenter 0-0: Foul Ball, location: 2F
0-1: Foul Ball, location: 2F
0-2: Ball
1-2: Foul Ball, location: 2F
1-2: Ball
2-2: Strikes out swinging
Top of the 1st over - 0 runs, 0 hits, 0 errors, 0 left on base; Cleveland 0 - Minnesota 0
BOTTOM OF THE 1ST
Minnesota Twins batting - Pitching for Cleveland Indians : LHP Tyler Skaggs
Pitching: LHP Tyler Skaggs
Batting: RHB Whit Merrifield 0-0: Ball
1-0: Ball
2-0: Fly out, F9 (Flyball, 9S, EV 85.6 MPH)
Batting: RHB Miguel Rojas 0-0: Called Strike
0-1: SINGLE (Line Drive, 9S, EV 96.9 MPH)
Batting: LHB Freddie Freeman 0-0: Ball
1-0: Swinging Strike
1-1: Ball
2-1: Swinging Strike
2-2: Foul Ball, location: 2F
2-2: Ball
3-2: Strikes out swinging
Batting: RHB Howie Kendrick 0-0: Ball
1-0: Called Strike
1-1: Fielders Choice at 2nd, U6 (Groundball, 6M, EV 76.9 MPH)
Bottom of the 1st over - 0 runs, 1 hit, 0 errors, 1 left on base; Cleveland 0 - Minnesota 0
TOP OF THE 2ND
Cleveland Indians batting - Pitching for Minnesota Twins : RHP Jameson Taillon
Batting: SHB Marwin Gonzalez 0-0: Foul Ball, location: 2F
0-1: Ball
1-1: Foul Ball, location: 2F
1-2: Ball
2-2: Ball
3-2: Base on Balls
Batting: RHB Steven Souza Jr. 0-0: Called Strike
0-1: Fly out, F7 (Flyball, 7, EV 78.8 MPH)
Batting: RHB Jung-ho Kang 0-0: Foul Ball, location: 2F
0-1: Called Strike
0-2: Foul Ball, location: 2F
0-2: Foul Ball, location: 2F
0-2: Ball
1-2: Ball
2-2: Foul Ball, location: 2F
2-2: Strikes out swinging
Batting: RHB Marcus Semien 0-0: Ball
1-0: Fly out, F8 (Line Drive, 8LM, EV 84.4 MPH)
Top of the 2nd over - 0 runs, 0 hits, 0 errors, 1 left on base; Cleveland 0 - Minnesota 0
BOTTOM OF THE 2ND
Minnesota Twins batting - Pitching for Cleveland Indians : LHP Tyler Skaggs
Batting: RHB Avisail Garcia 0-0: Ground out 5-3 (Groundball, 56S, EV 81.9 MPH)
Batting: LHB Jay Bruce 0-0: Ball
1-0: Ball
2-0: Foul Ball, location: 2F
2-1: Swinging Strike
2-2: Ball
3-2: Base on Balls
Batting: LHB Derek Dietrich 0-0: Swinging Strike
0-1: Ball
1-1: Foul Ball, location: 2F
1-2: Ball
2-2: Strikes out swinging
Batting: RHB Roberto Perez 0-0: Ball
1-0: Called Strike
1-1: Called Strike
1-2: Strikes out swinging
Bottom of the 2nd over - 0 runs, 0 hits, 0 errors, 1 left on base; Cleveland 0 - Minnesota 0
TOP OF THE 3RD
Cleveland Indians batting - Pitching for Minnesota Twins : RHP Jameson Taillon
Batting: RHB Tim Locastro 0-0: Ground out 5-3 (Groundball, 56S, EV 65.6 MPH)
Batting: RHB Mitch Garver 0-0: Ball
1-0: SINGLE (Line Drive, 7LM, EV 105.6 MPH)
Batting: LHB Adam Frazier 0-0: Foul Ball, location: 2F
0-1: Called Strike
0-2: Foul Ball, location: 2F
0-2: Strikes out swinging
Batting: RHB J.D. Martinez 0-0: Called Strike
0-1: Ball
1-1: SINGLE (Line Drive, 34D, EV 98.1 MPH)
Mitch Garver to second
Runner from 2nd tries for 3rd, SAFE, throw by RF made to third
Batting: LHB Matt Carpenter 0-0: Foul Ball, location: 2F
0-1: Called Strike
0-2: Ball
1-2: Ball
2-2: Ground out 4-3 (Groundball, 4, EV 83.8 MPH)
Top of the 3rd over - 0 runs, 2 hits, 0 errors, 2 left on base; Cleveland 0 - Minnesota 0
BOTTOM OF THE 3RD
Minnesota Twins batting - Pitching for Cleveland Indians : LHP Tyler Skaggs
Batting: LHB Nolan Fontana 0-0: Ball
1-0: Ball
2-0: Foul Ball, location: 2F
2-1: Ball
3-1: Called Strike
3-2: Foul Ball, location: 2F
3-2: Strikes out looking
Batting: RHB Whit Merrifield 0-0: Called Strike
0-1: Hit by Pitch
Batting: RHB Miguel Rojas 0-0: Called Strike
0-1: Ball
1-1: Ball
2-1: Fly out, F4 (Popup, 3DF, EV 53.8 MPH)
Batting: LHB Freddie Freeman 0-0: Called Strike
0-1: Ball
1-1: Ball
2-1: Foul Ball, location: 2F
2-2: Foul Ball, location: 2F
2-2: Strikes out swinging
Bottom of the 3rd over - 0 runs, 0 hits, 0 errors, 1 left on base; Cleveland 0 - Minnesota 0
TOP OF THE 4TH
Cleveland Indians batting - Pitching for Minnesota Twins : RHP Jameson Taillon
Batting: SHB Marwin Gonzalez 0-0: Fly out, F9 (Flyball, 89S, EV 87.5 MPH)
Batting: RHB Steven Souza Jr. 0-0: Called Strike
0-1: Ball
1-1: Fly out, F8 (Flyball, 78M, EV 95.6 MPH)
Batting: RHB Jung-ho Kang 0-0: Ball
1-0: Foul Ball, location: 2F
1-1: Swinging Strike
1-2: Ball
2-2: Fly out, F8 (Flyball, 78D, EV 89.4 MPH)
Top of the 4th over - 0 runs, 0 hits, 0 errors, 0 left on base; Cleveland 0 - Minnesota 0
BOTTOM OF THE 4TH
Minnesota Twins batting - Pitching for Cleveland Indians : LHP Tyler Skaggs
Batting: RHB Howie Kendrick 0-0: Ball
1-0: Ball
2-0: Called Strike
2-1: Foul Ball, location: 2F
2-2: Ball
3-2: Base on Balls
Batting: RHB Avisail Garcia 0-0: Called Strike
0-1: Ball
1-1: Foul Ball, location: 2F
1-2: Foul Ball, location: 2F
1-2: Ball
2-2: Grounds into double play, 1-6-3 (Groundball, 23, EV 85.0 MPH)
Batting: LHB Jay Bruce 0-0: Foul Ball, location: 2F
0-1: Ball
1-1: DOUBLE (Groundball, 3L, EV 103.1 MPH)
Batting: LHB Derek Dietrich 0-0: Fly out, F9 (Flyball, 9S, EV 78.8 MPH)
Bottom of the 4th over - 0 runs, 1 hit, 0 errors, 1 left on base; Cleveland 0 - Minnesota 0
TOP OF THE 5TH
Cleveland Indians batting - Pitching for Minnesota Twins : RHP Jameson Taillon
Batting: RHB Marcus Semien 0-0: Called Strike
0-1: Ball
1-1: Foul Ball, location: 2F
1-2: SINGLE (Line Drive, 78S, EV 94.4 MPH)
Batting: RHB Tim Locastro 0-0: DOUBLE (Line Drive, 78M, EV 94.4 MPH)
Marcus Semien to third
Batting: RHB Mitch Garver 0-0: Foul Ball, location: 2F
0-1: Called Strike
0-2: Ball
1-2: Foul Ball, location: 2F
1-2: Ground out 6-3 (Groundball, 6, EV 90.6 MPH)
Batting: LHB Adam Frazier 0-0: Foul Ball, location: 2F
0-1: Called Strike
0-2: SINGLE (Groundball, 4, EV 106.3 MPH) (infield hit)
Marcus Semien scores
Tim Locastro to third
Batting: RHB J.D. Martinez 0-0: Ball
1-0: Called Strike
1-1: Ball
2-1: Fly out, F8 (Flyball, 8LXD, EV 95.0 MPH)
Runner from 3rd tags up, SCORES, no throw by CF
Pitching: RHP Joe Kelly
Batting: LHB Matt Carpenter 0-0: Ball
1-0: Swinging Strike
1-1: Ball
2-1: Foul Ball, location: 2F
2-2: Ball
3-2: Strikes out swinging
Top of the 5th over - 2 runs, 3 hits, 0 errors, 1 left on base; Cleveland 2 - Minnesota 0
BOTTOM OF THE 5TH
Minnesota Twins batting - Pitching for Cleveland Indians : LHP Tyler Skaggs
Batting: RHB Roberto Perez 0-0: Fly out, F8 (Flyball, 8RS, EV 84.4 MPH)
Batting: LHB Nolan Fontana 0-0: Swinging Strike
0-1: Called Strike
0-2: Ground out 4-3 (Groundball, 34D, EV 102.5 MPH)
Batting: RHB Whit Merrifield 0-0: Ball
1-0: Swinging Strike
1-1: Ball
2-1: Foul Ball, location: 2F
2-2: Strikes out swinging
Bottom of the 5th over - 0 runs, 0 hits, 0 errors, 0 left on base; Cleveland 2 - Minnesota 0
TOP OF THE 6TH
Cleveland Indians batting - Pitching for Minnesota Twins : RHP Joe Kelly
Batting: SHB Marwin Gonzalez 0-0: Ball
1-0: Foul Ball, location: 2F
1-1: Foul Ball, location: 2F
1-2: Strikes out swinging
Batting: RHB Steven Souza Jr. 0-0: Called Strike
0-1: Foul Ball, location: 2F
0-2: Strikes out swinging
Batting: RHB Jung-ho Kang 0-0: Called Strike
0-1: Called Strike
0-2: Ball
1-2: Foul Ball, location: 2F
1-2: Strikes out swinging
Top of the 6th over - 0 runs, 0 hits, 0 errors, 0 left on base; Cleveland 2 - Minnesota 0
BOTTOM OF THE 6TH
Minnesota Twins batting - Pitching for Cleveland Indians : LHP Tyler Skaggs
Batting: RHB Miguel Rojas 0-0: Swinging Strike
0-1: Ball
1-1: Fly out, F1 (Line Drive, P, EV 66.9 MPH)
Batting: LHB Freddie Freeman 0-0: Ball
1-0: Called Strike
1-1: Swinging Strike
1-2: Ball
2-2: Ball
3-2: SOLO HOME RUN (Flyball, 89XD, EV 91.3 MPH), Distance : 412 ft
Batting: RHB Howie Kendrick 0-0: Called Strike
0-1: Ball
1-1: Called Strike
1-2: Fly out, F9 (Flyball, 9, EV 91.9 MPH)
Batting: RHB Avisail Garcia 0-0: Ball
1-0: Fly out, F9 (Line Drive, 9, EV 91.9 MPH)
Bottom of the 6th over - 1 run, 1 hit, 0 errors, 0 left on base; Cleveland 2 - Minnesota 1
TOP OF THE 7TH
Cleveland Indians batting - Pitching for Minnesota Twins : RHP Joe Kelly
Pitching: LHP Colin Poche
Batting: RHB Marcus Semien 0-0: Called Strike
0-1: Foul Ball, location: 2F
0-2: Strikes out swinging, 2-3 out at first.
Batting: RHB Tim Locastro 0-0: Ball
1-0: DOUBLE (Groundball, 5L, EV 94.4 MPH)
Batting: RHB Mitch Garver 0-0: Fly out, F7 (Line Drive, 7, EV 88.1 MPH)
Batting: LHB Adam Frazier 0-0: Swinging Strike
0-1: Ball
1-1: Swinging Strike
1-2: Ball
Wild Pitch!
Tim Locastro to third
2-2: Strikes out looking
Top of the 7th over - 0 runs, 1 hit, 0 errors, 1 left on base; Cleveland 2 - Minnesota 1
BOTTOM OF THE 7TH
Minnesota Twins batting - Pitching for Cleveland Indians : LHP Tyler Skaggs
Pitching: RHP Kirby Yates
Batting: LHB Jay Bruce 0-0: Swinging Strike
0-1: Called Strike
0-2: Foul Ball, location: 2F
0-2: Fly out, F8 (Flyball, 89M, EV 85.6 MPH)
Batting: LHB Derek Dietrich 0-0: Called Strike
0-1: Ball
1-1: Foul Ball, location: 2F
1-2: Strikes out swinging
Batting: RHB Roberto Perez 0-0: Called Strike
0-1: Called Strike
0-2: Ball
1-2: Ball
2-2: Strikes out looking
Bottom of the 7th over - 0 runs, 0 hits, 0 errors, 0 left on base; Cleveland 2 - Minnesota 1
TOP OF THE 8TH
Cleveland Indians batting - Pitching for Minnesota Twins : LHP Colin Poche
Pitching: LHP Andrew Vasquez
Batting: RHB J.D. Martinez 0-0: Ball
1-0: Called Strike
1-1: Swinging Strike
1-2: Ball
2-2: Ball
3-2: Foul Ball, location: 2F
3-2: Fly out, F9 (Flyball, 9LSF, EV 88.8 MPH)
Batting: LHB Matt Carpenter 0-0: Ball
1-0: Foul Ball, location: 2F
1-1: Ball
2-1: Foul Ball, location: 2F
2-2: Foul Ball, location: 2F
2-2: Foul Ball, location: 2F
2-2: Foul Ball, location: 2F
2-2: Foul Ball, location: 2F
2-2: Foul Ball, location: 2F
2-2: Ground out 4-3 (Groundball, 34, EV 109.4 MPH)
Batting: SHB Marwin Gonzalez 0-0: SINGLE (Groundball, 56D, EV 107.5 MPH)
Pitching: RHP Nick B. Anderson
Batting: RHB Steven Souza Jr. 0-0: Called Strike
0-1: Called Strike
0-2: Strikes out swinging
Top of the 8th over - 0 runs, 1 hit, 0 errors, 1 left on base; Cleveland 2 - Minnesota 1
BOTTOM OF THE 8TH
Minnesota Twins batting - Pitching for Cleveland Indians : RHP Kirby Yates
Pitching: LHP Zac Rosscup
Batting: LHB Nolan Fontana 0-0: Ball
1-0: Called Strike
1-1: Ball
2-1: Called Strike
2-2: Strikes out looking
Pitching: RHP Dellin Betances
Batting: RHB Whit Merrifield 0-0: Ball
1-0: Ball
2-0: Called Strike
2-1: Ground out 5-3 (Groundball, 5L, EV 100.6 MPH)
Batting: RHB Miguel Rojas 0-0: Ground out 4-3 (Groundball, 4, EV 86.9 MPH)
Bottom of the 8th over - 0 runs, 0 hits, 0 errors, 0 left on base; Cleveland 2 - Minnesota 1
TOP OF THE 9TH
Cleveland Indians batting - Pitching for Minnesota Twins : RHP Nick B. Anderson
Pitching: RHP Victor Arano
Batting: RHB Jung-ho Kang 0-0: Called Strike
0-1: Ball
1-1: Fly out, F7 (Flyball, 7LMF, EV 95.0 MPH)
Batting: RHB Marcus Semien 0-0: Called Strike
0-1: Swinging Strike
0-2: Foul Ball, location: 2F
0-2: Ball
1-2: Ball
2-2: Foul Ball, location: 2F
2-2: Strikes out swinging
Batting: RHB Tim Locastro 0-0: Ball
1-0: Ground out 1-3 (Groundball, P, EV 87.5 MPH)
Top of the 9th over - 0 runs, 0 hits, 0 errors, 0 left on base; Cleveland 2 - Minnesota 1
BOTTOM OF THE 9TH
Minnesota Twins batting - Pitching for Cleveland Indians : RHP Dellin Betances
Pitching: RHP Liam Hendriks
Batting: LHB Freddie Freeman 0-0: Called Strike
0-1: SINGLE (Line Drive, 4MD, EV 94.4 MPH)
Batting: RHB Howie Kendrick 0-0: Called Strike
0-1: Foul Ball, location: 2F
0-2: Ball
1-2: Strikes out swinging
Pitching: RHP Simon Castro
Batting: RHB Avisail Garcia 0-0: Fielders Choice at 2nd, 2-6 (Groundball, 13S, EV 65.6 MPH)
Batting: LHB Jay Bruce 0-0: Ball
1-0: Called Strike
1-1: Called Strike
1-2: Foul Ball, location: 2F
1-2: Fly out, F5 (Popup, 5SF, EV 70.6 MPH)
Bottom of the 9th over - 0 runs, 1 hit, 0 errors, 1 left on base; Cleveland 2 - Minnesota 1
Thursday, December 12th, 2019 - OOTP Baseball 20.8 Build 73